TOP OF THE 1ST |
Baltimore Orioles batting - Pitching for Oakland Athletics : RHP Dan Larson
|
Pitching: RHP Dan Larson
|
|
Batting: SHB Willie McGee
|
0-0: Called Strike 0-1: Foul Ball, location: 2F 0-2: Foul Ball, location: 2F 0-2: Ball 1-2: Strikes out swinging
|
Batting: SHB Mike Hart
|
0-0: Ball 1-0: Ball 2-0: Ball 3-0: Base on Balls
|
Batting: LHB Dave Parker
|
0-0: Ball 1-0: Ball 2-0: Ball 3-0: SINGLE (Groundball, 3L, EV 99.4 MPH) (infield hit) Mike Hart to second
|
Batting: RHB Dwight Evans
|
0-0: Called Strike 0-1: Ball 1-1: Foul Ball, location: 2F Balk! Mike Hart to third Dave Parker to second 1-2: Ball 2-2: Foul Ball, location: 2F 2-2: Foul Ball, location: 2F 2-2: Ball 3-2: SINGLE (Flyball, 89S, EV 88.1 MPH) Mike Hart scores Dave Parker to third Runner from 3rd tries for Home, SAFE, throw by CF to home
|
Batting: SHB Steve R Ontiveros
|
0-0: Ball 1-0: Ball 2-0: SINGLE (Line Drive, 9S, EV 113.1 MPH) Dwight Evans to second Runner from 2nd tries for 3rd, SAFE, throw by RF made to third
|
Batting: RHB Ron Cey
|
0-0: Fly out, F7 (Flyball, 7LM, EV 80.6 MPH) Runner from 3rd tags up, SCORES, throw by LF
|
Batting: RHB Matt Rice
|
0-0: Called Strike 0-1: Swinging Strike 0-2: Strikes out looking
|
Top of the 1st over - 3 runs, 3 hits, 0 errors, 1 left on base; Baltimore 3 - Oakland 0 |
BOTTOM OF THE 1ST |
Oakland Athletics batting - Pitching for Baltimore Orioles : RHP Don Robinson
|
Pitching: RHP Don Robinson
|
|
Batting: RHB Scott Fletcher
|
0-0: Ball 1-0: Called Strike 1-1: Foul Ball, location: 2F 1-2: Strikes out swinging
|
Batting: LHB Ruppert Jones
|
0-0: Foul Ball, location: 2F 0-1: Ball 1-1: Foul Ball, location: 2F 1-2: Reached on error, E4 (Groundball, 4, EV 105.0 MPH)
|
Batting: RHB Dave Henderson
|
0-0: Ball 1-0: Fly out, F4 (Flyball, 4D, EV 86.3 MPH)
|
Batting: LHB Reggie Jackson
|
0-0: Called Strike 0-1: Ball Ruppert Jones steals 2nd base 1-1: Ground out 3-1 (Groundball, 34S, EV 85.0 MPH)
|
Bottom of the 1st over - 0 runs, 0 hits, 1 error, 1 left on base; Baltimore 3 - Oakland 0 |
TOP OF THE 2ND |
Baltimore Orioles batting - Pitching for Oakland Athletics : RHP Dan Larson
|
Batting: RHB Jim Sundberg
|
0-0: Ball 1-0: Foul Ball, location: 2F 1-1: Foul Ball, location: 2F 1-2: Strikes out looking
|
Batting: RHB Garth Iorg
|
0-0: Ball 1-0: Swinging Strike 1-1: Ball 2-1: Ball 3-1: Foul Ball, location: 2F 3-2: Strikes out swinging
|
Batting: SHB Willie McGee
|
0-0: Foul Ball, location: 2F 0-1: Fly out, F7 (Flyball, 78D, EV 99.4 MPH)
|
Top of the 2nd over - 0 runs, 0 hits, 0 errors, 0 left on base; Baltimore 3 - Oakland 0 |
BOTTOM OF THE 2ND |
Oakland Athletics batting - Pitching for Baltimore Orioles : RHP Don Robinson
|
Batting: RHB George Hendrick
|
0-0: Foul Ball, location: 2F 0-1: Foul Ball, location: 2F 0-2: Ball 1-2: Ball 2-2: Foul Ball, location: 2F 2-2: Foul Ball, location: 2F 2-2: Ball 3-2: Base on Balls
|
Batting: LHB Ben Oglivie
|
0-0: Ball 1-0: Ball Wild Pitch! George Hendrick to second 2-0: Ground out 6-3 (Groundball, 6M, EV 108.1 MPH) George Hendrick to third
|
Batting: SHB Chico Walker
|
0-0: Ball 1-0: Foul Ball, location: 2F 1-1: Ball 2-1: Ball 3-1: Called Strike 3-2: Foul Ball, location: 2F 3-2: Foul Ball, location: 2F 3-2: Strikes out swinging
|
Batting: SHB Rodney Scott
|
0-0: Foul Ball, location: 2F 0-1: Foul Ball, location: 2F 0-2: Foul Ball, location: 2F 0-2: Ball 1-2: Fly out, F8 (Line Drive, 8LD, EV 97.5 MPH)
|
Bottom of the 2nd over - 0 runs, 0 hits, 0 errors, 1 left on base; Baltimore 3 - Oakland 0 |
TOP OF THE 3RD |
Baltimore Orioles batting - Pitching for Oakland Athletics : RHP Dan Larson
|
Batting: SHB Mike Hart
|
0-0: Ball 1-0: Ball 2-0: Called Strike 2-1: Called Strike 2-2: Ball 3-2: Foul Ball, location: 2F 3-2: Foul Ball, location: 2F 3-2: Foul Ball, location: 2F 3-2: Base on Balls
|
Batting: LHB Dave Parker
|
0-0: Called Strike 0-1: Ball 1-1: Foul Ball, location: 2F 1-2: Foul Ball, location: 2F 1-2: Fly out, F7 (Flyball, 7S, EV 87.5 MPH)
|
Batting: RHB Dwight Evans
|
0-0: Ball 1-0: Ball 2-0: Called Strike 2-1: Called Strike 2-2: SINGLE (Line Drive, 8RS, EV 93.1 MPH) Mike Hart to second Mike Hart to third
|
Batting: SHB Steve R Ontiveros
|
0-0: Ball 1-0: Foul Ball, location: 2F 1-1: Foul Ball, location: 2F 1-2: Foul Ball, location: 2F 1-2: Foul Ball, location: 2F 1-2: Foul Ball, location: 2F 1-2: Fly out, F8 (Flyball, 89D, EV 91.9 MPH) Runner from 3rd tags up, SCORES, throw by CF
|
Batting: RHB Ron Cey
|
0-0: Ball 1-0: Ball 2-0: Fielders Choice at 2nd, U4 (Groundball, 4M, EV 90.0 MPH)
|
Top of the 3rd over - 1 run, 1 hit, 0 errors, 1 left on base; Baltimore 4 - Oakland 0 |
BOTTOM OF THE 3RD |
Oakland Athletics batting - Pitching for Baltimore Orioles : RHP Don Robinson
|
Batting: RHB Barry Foote
|
0-0: SOLO HOME RUN (Flyball, 7LD, EV 94.4 MPH), Distance : 365 ft
|
Batting: RHB Scott Fletcher
|
0-0: Ball 1-0: Foul Ball, location: 2F 1-1: Fly out, F8 (Flyball, 78D, EV 99.4 MPH)
|
Batting: LHB Ruppert Jones
|
0-0: Foul Ball, location: 2F 0-1: Called Strike 0-2: Ball 1-2: Strikes out swinging
|
Batting: RHB Dave Henderson
|
0-0: Called Strike 0-1: Called Strike 0-2: Fly out, F4 (Line Drive, 4, EV 64.4 MPH)
|
Bottom of the 3rd over - 1 run, 1 hit, 0 errors, 0 left on base; Baltimore 4 - Oakland 1 |
TOP OF THE 4TH |
Baltimore Orioles batting - Pitching for Oakland Athletics : RHP Dan Larson
|
Batting: RHB Matt Rice
|
0-0: Ball 1-0: Foul Ball, location: 2F 1-1: Reached on error, E8 (Flyball, 8RXD, EV 99.4 MPH)
|
Batting: RHB Jim Sundberg
|
0-0: Ball 1-0: Ball 2-0: Swinging Strike 2-1: Ball 3-1: Ball
|
Batting: RHB Garth Iorg
|
0-0: Swinging Strike 0-1: Called Strike 0-2: Foul Ball, location: 2F 0-2: Ball 1-2: Grounds into double play, 6-4-3 (Groundball, 6, EV 90.0 MPH) Matt Rice to third
|
Batting: SHB Willie McGee
|
0-0: Ball 1-0: Foul Ball, location: 2F 1-1: Called Strike 1-2: Foul Ball, location: 2F 1-2: Strikes out swinging
|
Top of the 4th over - 0 runs, 0 hits, 1 error, 1 left on base; Baltimore 4 - Oakland 1 |
BOTTOM OF THE 4TH |
Oakland Athletics batting - Pitching for Baltimore Orioles : RHP Don Robinson
|
Batting: LHB Reggie Jackson
|
0-0: Ball 1-0: Called Strike 1-1: Foul Ball, location: 2F 1-2: Ball 2-2: Ball 3-2: Strikes out looking
|
Batting: RHB George Hendrick
|
0-0: Called Strike 0-1: Swinging Strike 0-2: Foul Ball, location: 2F 0-2: Ball 1-2: Strikes out looking
|
Batting: LHB Ben Oglivie
|
0-0: Foul Ball, location: 2F 0-1: Foul Ball, location: 2F 0-2: Fly out, F7 (Flyball, 7D, EV 101.9 MPH)
|
Bottom of the 4th over - 0 runs, 0 hits, 0 errors, 0 left on base; Baltimore 4 - Oakland 1 |
TOP OF THE 5TH |
Baltimore Orioles batting - Pitching for Oakland Athletics : RHP Dan Larson
|
Pitching: RHP Mitch Byrnes
|
|
Batting: SHB Mike Hart
|
0-0: Ball 1-0: Ground out U3 (Groundball, 34S, EV 93.1 MPH)
|
Batting: LHB Dave Parker
|
0-0: Ball 1-0: Ground out 6-3 (Groundball, 6, EV 83.8 MPH)
|
Batting: RHB Dwight Evans
|
0-0: Ball 1-0: Ball 2-0: Ball 3-0: Called Strike 3-1: Base on Balls
|
Batting: SHB Steve R Ontiveros
|
0-0: Called Strike 0-1: Fly out, F8 (Flyball, 8LXD, EV 90.0 MPH)
|
Top of the 5th over - 0 runs, 0 hits, 0 errors, 1 left on base; Baltimore 4 - Oakland 1 |
BOTTOM OF THE 5TH |
Oakland Athletics batting - Pitching for Baltimore Orioles : RHP Don Robinson
|
Pitching: RHP Jim M Hughes
|
|
Batting: SHB Chico Walker
|
0-0: Called Strike 0-1: Ball 1-1: Ball 2-1: Swinging Strike 2-2: Ball 3-2: Strikes out swinging
|
Batting: SHB Rodney Scott
|
0-0: Called Strike 0-1: Bunted foul 0-2: Ball 1-2: Ground out 6-3 (Groundball, 6, EV 94.4 MPH)
|
Batting: RHB Barry Foote
|
0-0: Ball 1-0: Called Strike 1-1: Ball 2-1: Foul Ball, location: 2F 2-2: Ground out 5-3 (Groundball, 56, EV 105.6 MPH)
|
Bottom of the 5th over - 0 runs, 0 hits, 0 errors, 0 left on base; Baltimore 4 - Oakland 1 |
TOP OF THE 6TH |
Baltimore Orioles batting - Pitching for Oakland Athletics : RHP Mitch Byrnes
|
Batting: RHB Ron Cey
|
0-0: Ball 1-0: Ball 2-0: Called Strike 2-1: Called Strike 2-2: Strikes out looking
|
Batting: RHB Matt Rice
|
0-0: Called Strike 0-1: Foul Ball, location: 2F 0-2: Ball 1-2: Strikes out swinging
|
Batting: RHB Jim Sundberg
|
0-0: Called Strike 0-1: Ball 1-1: Ball 2-1: Called Strike 2-2: Ball 3-2: Ground out 6-3 (Groundball, 56, EV 100.0 MPH)
|
Top of the 6th over - 0 runs, 0 hits, 0 errors, 0 left on base; Baltimore 4 - Oakland 1 |
BOTTOM OF THE 6TH |
Oakland Athletics batting - Pitching for Baltimore Orioles : RHP Jim M Hughes
|
Batting: RHB Scott Fletcher
|
0-0: Called Strike 0-1: Ball 1-1: Foul Ball, location: 2F 1-2: Ball 2-2: Ground out 4-3 (Groundball, 34D, EV 81.3 MPH)
|
Batting: LHB Ruppert Jones
|
0-0: Ball 1-0: Ball 2-0: Called Strike 2-1: Swinging Strike 2-2: Fly out, F4 (Flyball, 34D, EV 79.4 MPH)
|
Batting: RHB Dave Henderson
|
0-0: Called Strike 0-1: Ball 1-1: Fly out, F8 (Flyball, 89D, EV 95.6 MPH)
|
Bottom of the 6th over - 0 runs, 0 hits, 0 errors, 0 left on base; Baltimore 4 - Oakland 1 |
TOP OF THE 7TH |
Baltimore Orioles batting - Pitching for Oakland Athletics : RHP Mitch Byrnes
|
Batting: RHB Garth Iorg
|
0-0: Foul Ball, location: 2F 0-1: Ball 1-1: Ball 2-1: Foul Ball, location: 2F 2-2: Strikes out swinging
|
Batting: SHB Willie McGee
|
0-0: Ball 1-0: Ball 2-0: Ball 3-0: Base on Balls
|
Batting: SHB Jordan Ayala
|
0-0: Called Strike 0-1: Ball 1-1: Ball 2-1: Ball 3-1: Swinging Strike 3-2: Foul Ball, location: 2F 3-2: Foul Ball, location: 2F 3-2: Foul Ball, location: 2F 3-2: Base on Balls Willie McGee to second
|
Pinch Hitting: LHB Mario Delgado
|
0-0: Called Strike Willie McGee steals 3rd base 0-1: Ball 1-1: SINGLE (Line Drive, 8LM, EV 95.0 MPH) Willie McGee scores Jordan Ayala to second
|
Batting: RHB Dwight Evans
|
0-0: Called Strike 0-1: Called Strike 0-2: Ball 1-2: Ball 2-2: Grounds into double play, 5-4-3 (Groundball, 56, EV 88.8 MPH)
|
Top of the 7th over - 1 run, 1 hit, 0 errors, 1 left on base; Baltimore 5 - Oakland 1 |
BOTTOM OF THE 7TH |
Oakland Athletics batting - Pitching for Baltimore Orioles : RHP Jim M Hughes
|
Now in CF: Mario Delgado
|
|
Batting: LHB Reggie Jackson
|
0-0: Called Strike 0-1: Foul Ball, location: 2F 0-2: Foul Ball, location: 2F 0-2: Hit by Pitch
|
Batting: RHB George Hendrick
|
0-0: Ball 1-0: Foul Ball, location: 2F 1-1: Ball 2-1: Ball 3-1: Called Strike 3-2: Foul Ball, location: 2F 3-2: Foul Ball, location: 2F 3-2: Foul Ball, location: 2F 3-2: Ground out 4-3 (Groundball, 13, EV 84.4 MPH) Reggie Jackson to second
|
Batting: LHB Ben Oglivie
|
0-0: Ball 1-0: Swinging Strike 1-1: Called Strike 1-2: Strikes out swinging
|
Batting: SHB Chico Walker
|
0-0: Called Strike 0-1: Foul Ball, location: 2F 0-2: Foul Ball, location: 2F 0-2: Ball 1-2: Ball 2-2: Fly out, F7 (Flyball, 7LM, EV 95.6 MPH)
|
Bottom of the 7th over - 0 runs, 0 hits, 0 errors, 1 left on base; Baltimore 5 - Oakland 1 |
TOP OF THE 8TH |
Baltimore Orioles batting - Pitching for Oakland Athletics : RHP Mitch Byrnes
|
Pinch Hitting: LHB Fred Lynn
|
0-0: SOLO HOME RUN (Flyball, 9D, EV 103.8 MPH), Distance : 422 ft
|
Pinch Hitting: SHB Mike Henderson
|
0-0: Swinging Strike 0-1: Ball 1-1: Ball 2-1: Called Strike 2-2: Ball 3-2: Base on Balls
|
Pitching: RHP Wesley Williams
|
|
Pinch Hitting: LHB Garcia Gutierrez
|
0-0: Ball 1-0: Ball 2-0: Called Strike 2-1: Swinging Strike 2-2: Fly out, F7 (Flyball, 7LS, EV 84.4 MPH)
|
Batting: RHB Jim Sundberg
|
0-0: Called Strike 0-1: Foul Ball, location: 2F 0-2: Ball 1-2: Ball 2-2: Foul Ball, location: 2F 2-2: Strikes out swinging
|
Pinch Hitting: RHB Marty G Barrett
|
0-0: Called Strike 0-1: Ball 1-1: Ball 2-1: Swinging Strike 2-2: Ball Wild Pitch! Mike Henderson to second 3-2: DOUBLE (Line Drive, 89D, EV 101.9 MPH) Mike Henderson scores
|
Batting: SHB Willie McGee
|
0-0: Ball 1-0: Foul Ball, location: 2F 1-1: Ground out U3 (Groundball, 3S, EV 93.1 MPH)
|
Top of the 8th over - 2 runs, 2 hits, 0 errors, 1 left on base; Baltimore 7 - Oakland 1 |
BOTTOM OF THE 8TH |
Oakland Athletics batting - Pitching for Baltimore Orioles : RHP Jim M Hughes
|
Now at 2B: Marty G Barrett
|
|
Now at 3B: Mike Henderson
|
|
Now at SS: Garcia Gutierrez
|
|
Now in LF: Fred Lynn
|
|
Batting: SHB Rodney Scott
|
0-0: Called Strike 0-1: Called Strike 0-2: SINGLE (Groundball, 34D, EV 104.4 MPH) (infield hit)
|
Pitching: RHP Dave Patterson
|
|
Batting: RHB Barry Foote
|
0-0: Foul Ball, location: 2F 0-1: Ball 1-1: Ball 2-1: Foul Ball, location: 2F 2-2: Fly out, F8 (Flyball, 8RD, EV 99.4 MPH)
|
Pinch Hitting: RHB Fred Andrews
|
0-0: Fly out, F8 (Flyball, 8RD, EV 90.0 MPH)
|
Pinch Hitting: RHB Willie Darkis
|
0-0: Ball 1-0: Called Strike 1-1: Ball 2-1: Foul Ball, location: 2F 2-2: SINGLE (Flyball, 56D, EV 89.4 MPH) Rodney Scott to second Runner from 2nd tries for 3rd, SAFE, throw by LF made to third
|
Pinch Hitting: RHB John Scott
|
0-0: SINGLE (Groundball, 34D, EV 105.0 MPH) Rodney Scott scores Willie Darkis to second Runner from 2nd tries for 3rd, SAFE, no throw by RF
|
Batting: RHB Barry Evans
|
0-0: Ball 1-0: Foul Ball, location: 2F 1-1: Ball 2-1: Swinging Strike 2-2: Fly out, F8 (Flyball, 8RM, EV 81.3 MPH)
|
Bottom of the 8th over - 1 run, 3 hits, 0 errors, 2 left on base; Baltimore 7 - Oakland 2 |
TOP OF THE 9TH |
Baltimore Orioles batting - Pitching for Oakland Athletics : RHP Wesley Williams
|
Now at 2B: Fred Andrews
|
|
Now in CF: Willie Darkis
|
|
Now in RF: John Scott
|
|
Batting: SHB Jordan Ayala
|
0-0: Ball 1-0: Ball 2-0: Called Strike 2-1: Ball 3-1: Base on Balls
|
Batting: LHB Mario Delgado
|
0-0: Foul Ball, location: 2F 0-1: Ball 1-1: Called Strike 1-2: Ball 2-2: Ball 3-2: Base on Balls Jordan Ayala to second
|
Batting: RHB Dwight Evans
|
0-0: Foul Ball, location: 2F 0-1: Ball 1-1: Fly out, F8 (Flyball, 89M, EV 83.8 MPH)
|
Batting: LHB Fred Lynn
|
0-0: Ball 1-0: Foul Ball, location: 2F 1-1: Ball 2-1: SINGLE (Groundball, 6M, EV 99.4 MPH) Jordan Ayala to third Mario Delgado to second Runner from 3rd tries for Home, SAFE, throw by CF to home
|
Batting: SHB Mike Henderson
|
0-0: Ball 1-0: Swinging Strike 1-1: Foul Ball, location: 2F 1-2: Ball 2-2: Ball 3-2: Foul Ball, location: 2F 3-2: Foul Ball, location: 2F 3-2: Base on Balls Mario Delgado to third Fred Lynn to second
|
Batting: LHB Garcia Gutierrez
|
0-0: Ball 1-0: Fielders Choice at 2nd, 4-6 (Groundball, 34D, EV 94.4 MPH) Mario Delgado scores Fred Lynn to third
|
Pinch Hitting: RHB Dennis Werth
|
0-0: Called Strike 0-1: Foul Ball, location: 2F 0-2: Foul Ball, location: 2F 0-2: Ball 1-2: Ball 2-2: DOUBLE (Line Drive, 9LM, EV 103.8 MPH) Fred Lynn scores Garcia Gutierrez to third Runner from 3rd tries for Home, SAFE, no throw by RF
|
Pinch Hitting: RHB Jerry Dybzinski
|
0-0: Ball 1-0: Reached via error on a dropped throw from 2B, E3 (Groundball, 34, EV 77.5 MPH) Dennis Werth to third
|
Batting: SHB Willie McGee
|
0-0: Swinging Strike 0-1: Ground out 1-3 (Groundball, 13S, EV 66.3 MPH)
|
Top of the 9th over - 4 runs, 2 hits, 1 error, 2 left on base; Baltimore 11 - Oakland 2 |
BOTTOM OF THE 9TH |
Oakland Athletics batting - Pitching for Baltimore Orioles : RHP Dave Patterson
|
Now at C: Dennis Werth
|
|
Now at SS: Jerry Dybzinski
|
|
Pinch Hitting: SHB Michael Pace
|
0-0: Ball 1-0: Swinging Strike 1-1: Ball 2-1: Foul Ball, location: 2F 2-2: Ball 3-2: Base on Balls
|
Pinch Hitting: RHB Nick Pagan
|
0-0: Swinging Strike 0-1: Foul Ball, location: 2F 0-2: Strikes out looking
|
Pinch Hitting: LHB Wayne Krenchicki
|
0-0: Swinging Strike 0-1: Ball 1-1: Called Strike 1-2: Foul Ball, location: 2F 1-2: Ball 2-2: Strikes out swinging
|
Pinch Hitting: LHB Gary Jones
|
0-0: Ball 1-0: Ball 2-0: Fly out, F8 (Line Drive, 8RM, EV 110.0 MPH)
|
Bottom of the 9th over - 0 runs, 0 hits, 0 errors, 1 left on base; Baltimore 11 - Oakland 2 |
|